 Dungeon Crawl Stone Soup version 0.24-a0-439-g6dd8730de2 (webtiles) character file.

Game seed: 2463030900707352572

93 KristoblXynda the Slasher (level 4, -1/36 HPs)
             Began as a Draconian Gladiator on June 18, 2019.
             Was an Initiate of Okawaru.
             Slain by a gnoll
             ... wielding a +0 flail
              (8 damage)
             ... on level 3 of the Dungeon.
             The game lasted 00:01:52 (2041 turns).

KristoblXynda the Slasher (Draconian Gladiator)     Turns: 2041, Time: 00:01:52

Health: -1/36      AC:  7    Str: 17    XL:     4   Next: 36%
Magic:  4/4        EV: 13    Int:  8    God:    Okawaru [......]
Gold:   116        SH:  0    Dex: 13    Spells: 3/3 levels left

rFire    . . .     SeeInvis .   a - +0 long sword
rCold    . . .     Gourm    .   (no shield)
rNeg     . . .     Faith    .   (armour unavailable)
rPois    .         Spirit   .   b - +0 hat
rElec    .         Reflect  .   l - +1 cloak {MR+}
rCorr    .         Harm     .   (no gloves)
MR       +....                  (no boots)
Stlth    +.........             (no amulet)
HPRegen  0.12/turn              (no ring)
MPRegen  0.09/turn              (no ring)

@: no status effects
A: unfitting armour, cold-blooded, AC +5
a: Renounce Religion


You were on level 3 of the Dungeon.
You worshipped Okawaru.
Okawaru was noncommittal.
You were hungry.

You visited 1 branch of the dungeon, and saw 3 of its levels.

You collected 116 gold pieces.

Inventory:

Hand Weapons
 a - a +0 long sword (weapon)
Missiles
 c - 4 throwing nets (quivered)
Armour
 b - a +0 hat (worn)
 l - a +1 cloak of magic resistance (worn)
Scrolls
 e - a scroll of noise {unknown}
 g - 3 scrolls of amnesia {unknown}
 h - 2 scrolls of teleportation {unknown}
 j - 4 scrolls of identify {unknown}
 n - a scroll of magic mapping {unknown}
Potions
 f - 4 potions of curing {unknown}
 i - a potion of haste {unknown}
 k - a potion of heal wounds {unknown}
 m - a potion of mutation {unknown}
Comestibles
 d - 3 rations


   Skills:
 - Level 2.1 Fighting
 * Level 4.2 Long Blades
 + Level 2.5 Throwing
 + Level 3.2 Dodging


You had 3 spell levels left.
You didn't know any spells.
Your spell library was empty.

Dungeon Overview and Level Annotations

Branches:
Dungeon (3/15)

Altars:
Okawaru


Innate Abilities, Weirdness & Mutations

Your plain brown scales are hard. (AC +5)
You cannot fit into any form of body armour.
You are cold-blooded and may be slowed by cold attacks.


Message History

The gnoll hits you with a +0 flail. The gnoll hits you but does no damage.
You hit the gnoll but do no damage. The gnoll barely misses you.
The gnoll hits you with a +0 flail! The gnoll hits you with a +0 club.
Found a ration.
The rat twitches its whiskers.
The gnoll misses you.
You barely miss the gnoll. You hit the gnoll but do no damage.
You hit the gnoll.
The gnoll is lightly wounded.
The gnoll hits you but does no damage.
You hit the gnoll.
The gnoll is heavily wounded.
The gnoll hits you with a +0 flail!
* * * LOW HITPOINT WARNING * * *
You hit the gnoll but do no damage. You tail-slap the gnoll.
The gnoll is severely wounded.
The gnoll hits you with a +0 flail!
You die...

......#.# #.#
#.##..#)####.#
.............########
........####.........
......######.########
##.#### #.....# #...#
#.###.### # .# #.
#K..# #.###(#@#
#.....#g####
##.....gg..#
#.#.##.##..... #.#.
#.# ...% .# #. ...
... ..... ..# #..#.##
.. #...# #.# .>...# .
#...# #.# #. ...


You could see 3 gnolls and a kobold.

Vanquished Creatures
  Crazy Yiuf (D:2)
  An adder (D:3)
  An ooze (D:1)
  A worm (D:2)
  A dart slug (D:3)
  A leopard gecko (D:3)
  An orc (D:3)
  3 bats
  3 goblins
  7 hobgoblins
  8 jackals
  5 kobolds
  A quokka (D:2)
  A ball python (D:2)
  5 rats
40 creatures vanquished.

Notes
Turn   | Place    | Note
-------+----------+-------------------------------------------
     0 | D:1      | KristoblXynda the Draconian Gladiator began the quest for
                  | the Orb.
     0 | D:1      | Reached XP level 1. HP: 17/17 MP: 1/1
   108 | D:1      | Reached XP level 2. HP: 13/24 MP: 2/2
  1017 | D:2      | Found an iron altar of Okawaru.
  1021 | D:2      | Reached XP level 3. HP: 25/29 MP: 3/3
  1027 | D:2      | Became a worshipper of Warmaster Okawaru
  1155 | D:2      | Found a runed translucent door.
  1156 | D:2      | Noticed Crazy Yiuf
  1455 | D:2      | Killed Crazy Yiuf
  1455 | D:2      | Reached skill level 4 in Long Blades
  1809 | D:3      | Reached XP level 4. HP: 36/36 MP: 4/4
  2041 | D:3      | Slain by a gnoll

Levels and vault maps discovered:
D:1:      lemuel_arrival_funnel, layout_basic
D:2:      layout_basic, okawaru_gym_becter, uniq_crazy_yiuf_cottage
D:3:      layout_loops_cross, first_ration

Skill      XL: |  1  2  3 |
---------------+----------+-----
Throwing       | 2 |  2.5
Dodging        | 3 |  3.2
Long Blades    | 4 |  4.2
Fighting       | |  2.1

Action                   |  1- 3 |  4- 6 || total
-------------------------+-------+-------++-------
Melee: Long sword        |    73 |    28 ||   101
       Tailslap          |    14 |     6 ||    20
Throw: Throwing net      |     1 |       ||     1
 Stab: Held in net/web   |     2 |       ||     2
       Sleeping          |       |     1 ||     1
  Eat: Chunk             |     2 |     1 ||     3
Armor: Skin              |    25 |    19 ||    44
Dodge: Dodged            |    50 |    25 ||    75
       Rpst.: Long sword |    21 |     5 ||    26

Table legend:
 A = Non-vault XP
 B = Vault XP
 C = Vault XP percentage of total XP
 D = Non-vault monster count
 E = Vault monster count
 F = Vault count percentage of total count
                 A         B        C        D         E       F
            +---------+---------+-------+---------+---------+-------
      Total |      91 |      42 |  31.6 |      39 |       1 |   2.5
            +---------+---------+-------+---------+---------+-------
        D:1 |      32 |       0 |   0.0 |      16 |       0 |   0.0
        D:2 |      17 |      42 |  71.2 |       9 |       1 |  10.0
        D:3 |      42 |       0 |   0.0 |      14 |       0 |   0.0
            +---------+---------+-------+---------+---------+-------
